 Dungeon Crawl Stone Soup version 0.25-a0-737-g26c3a87 (webtiles) character file.

Game seed: 504294243372857594, levelgen mode: deterministic

1137 rednit the Digger (level 8, -4/50 HPs)
             Began as a Gargoyle Earth Elementalist on Apr 11, 2020.
             Blown up by Pikel (24 damage)
             ... with a disintegration bolt
             ... on level 4 of the Dungeon.
             The game lasted 00:23:07 (5925 turns).

rednit the Digger (Gargoyle Earth Elementalist)     Turns: 5925, Time: 00:23:07

Health: -4/50      AC: 14    Str: 14    XL:     8   Next: 36%
Magic:  1/11       EV: 10    Int: 16    God:
Gold:   307        SH:  0    Dex: 10    Spells: 1/11 levels left

rFire    . . .     SeeInvis .   e - +0 mace
rCold    . . .     Gourm    .   (no shield)
rNeg     + . .     Faith    .   h - +3 scale mail
rPois    ∞         Spirit   .   (no helmet)
rElec    +         Reflect  .   (no cloak)
rCorr    .         Harm     .   (no gloves)
MR       .....                  (no boots)
Stlth    ..........             (no amulet)
HPRegen  0.16/turn              (no ring)
MPRegen  0.12/turn              (no ring)

@: very slightly contaminated
A: negative energy resistance 1, electricity resistance, unbreathing,
petrification resistance, rot immunity, AC +5
a: no special abilities


You were on level 4 of the Dungeon.
You were not hungry.

You visited 1 branch of the dungeon, and saw 5 of its levels.

You collected 307 gold pieces.

Inventory:

Hand Weapons
 e - a +0 mace (weapon)
Missiles
 b - 148 stones
 p - 6 boomerangs (quivered)
Armour
 c - a +0 robe
 h - a +3 scale mail (worn)
Jewellery
 n - an uncursed amulet of the acrobat
 q - an uncursed ring of resist corrosion {unknown}
Wands
 k - a wand of polymorph (3)
 m - a wand of flame (12)
Scrolls
 g - a scroll of enchant weapon {unknown}
 i - a scroll of magic mapping {unknown}
 j - a scroll of amnesia {unknown}
 r - 2 scrolls of identify
 u - 2 scrolls of fog {unknown}
Potions
 a - 2 potions of mutation {unknown}
 f - a potion of invisibility
 l - 2 potions of cancellation {unknown}
 o - 2 potions of ambrosia {unknown}
 s - a potion of curing {unknown}
 t - 2 potions of magic {unknown}
Comestibles
 d - 9 rations
 v - 4 chunks of flesh


   Skills:
 * Level 5.5 Fighting
 * Level 4.6 Maces & Flails
 + Level 3.6 Dodging
 - Level 2.2 Stealth
 - Level 2.0 Spellcasting
 + Level 3.5 Conjurations
 - Level 0.7 Transmutations
 + Level 5.6 Earth Magic


You had one spell level left.
You knew the following spells:

 Your Spells              Type           Power        Failure   Level  Hunger
a - Sandblast             Erth           ###...       10%         1    #......
b - Stone Arrow           Conj/Erth      ###...       38%         3    ###....
c - Passwall              Tmut/Erth      ##......     36%         2    ###....
d - Petrify               Tmut/Erth      ##......     94%         4    #####..

Your spell library contained the following spells:

 Spells                   Type           Power        Failure   Level  Hunger
 Lee's Rapid Deconstruct  Erth           ###.......   95%         5    ######.


Dungeon Overview and Level Annotations

Branches:
Dungeon (5/15)
 Temple: D:4-7

Altars:
Nemelex Xobeh

Annotations:
D:4 3 runed translucent doors, Pikel; mojowtm's ghost, amateur MiFi


Innate Abilities, Weirdness & Mutations

You are resistant to torment.
Your stone body is resilient. (AC +5)
You are immune to poison.
You resist negative energy. (rN+)
You are resistant to electric shocks. (rElec)
You can survive without breathing.
You are immune to petrification.
You are immune to rotting.


Message History

Confirm with . or Enter, or press ? or * to list all spells.
Aiming: Sandblast (safe; 10% risk of failure)
Press: ? - help, Shift-Dir - straight line, f/p - slave
Aim: a slave (severely wounded)
The blast of sand hits the slave.
The slave is almost dead.
b - 148 stones The slave barely misses you.
You closely miss the slave.
The slave is almost dead.
The slave hits you but does no damage.
You barely miss the slave.
The slave is severely wounded.
The slave hits you but does no damage.
You closely miss the slave.
The slave is severely wounded.
The slave misses you.
Pikel zaps a wand.
You struggle to resist.
Pikel zaps a wand.
You are blasted!
You die...

##...# ##....## #...#..#
##..###.## ##..## #..# #...#
##.## ##..### #..##
###.....#####..#
###.............@##
...########.......## .###
########...## ##
####........#..##
####............#.K## #####
#.....>..........##p#######....
##.................##p........##
#...................#......####
##........................##


You could see Pikel and 2 slaves.

Vanquished Creatures
  Grinder (D:3)
  Sigmund (D:3)
  Eustachio (D:4)
  An ice beast (D:2)
  A scorpion (D:4)
  A jelly (D:5)
  An orc wizard (D:3)
  Natasha (thrice) (D:2)
  An iguana (D:5)
  3 worker ants
  Robin (D:3)
  3 gnolls (D:5)
  6 adders
  An adder skeleton (D:4)
  2 worms
  A dart slug (D:2)
  7 leopard geckos
  19 orcs
  6 bats
  5 giant cockroaches
  18 goblins
  9 hobgoblins
  7 jackals (D:3)
  2 quokkas (D:3)
  A ball python (D:2)
  5 frilled lizards
  16 kobolds
  15 rats
138 creatures vanquished.

Notes
Turn   | Place    | Note
-------+----------+-------------------------------------------
     0 | D:1      | rednit the Gargoyle Earth Elementalist began the quest for
                  | the Orb.
     0 | D:1      | Reached XP level 1. HP: 10/10 MP: 3/3
   158 | D:1      | Reached XP level 2. HP: 16/16 MP: 1/5
   268 | D:1      | Reached skill level 1 in Fighting
   577 | D:1      | Reached XP level 3. HP: 6/20 MP: 3/6
  1121 | D:1      | Learned a level 3 spell: Stone Arrow
  1445 | D:2      | Found a sparkling altar of Nemelex Xobeh.
  1906 | D:2      | Reached XP level 4. HP: 26/26 MP: 4/7
  2050 | D:2      | Noticed Natasha
  2052 | D:2      | Killed Natasha
  2052 | D:2      | Reached skill level 1 in Maces & Flails
  2498 | D:3      | Noticed Sigmund
  2512 | D:3      | Killed Sigmund
  2512 | D:3      | Reached skill level 1 in Conjurations
  2512 | D:3      | Reached XP level 5. HP: 32/32 MP: 0/8
  2512 | D:3      | Reached XP level 6. HP: 37/37 MP: 0/9
  2663 | D:2      | Noticed Natasha
  2678 | D:2      | Killed Natasha
  2778 | D:2      | Noticed Natasha
  2796 | D:2      | Killed Natasha
  3099 | D:3      | Noticed Grinder
  3185 | D:3      | Paralysed by Grinder for 3 turns
  3199 | D:3      | Paralysed by Grinder for 7 turns
  3212 | D:3      | Paralysed by Grinder for 3 turns
  3215 | D:3      | Killed Grinder
  3215 | D:3      | Reached XP level 7. HP: 20/43 MP: 0/10
  3462 | D:2      | Reached skill level 5 in Earth Magic
  3782 | D:3      | Noticed Robin
  3833 | D:3      | Killed Robin
  3920 | D:3      | Learned a level 2 spell: Passwall
  3925 | D:3      | Learned a level 4 spell: Petrify
  4274 | D:4      | Noticed mojowtm's ghost (amateur MiFi)
  4275 | D:4      | Found a runed translucent gate.
  4275 | D:4      | Found a runed translucent gate.
  4275 | D:4      | Found a runed translucent gate.
  4449 | D:4      | Noticed Eustachio
  4544 | D:4      | Killed Eustachio
  4544 | D:4      | Reached skill level 5 in Fighting
  4544 | D:4      | Reached XP level 8. HP: 28/49 MP: 4/11
  5212 | D:5      | Entered Level 5 of the Dungeon
  5334 | D:5      | Noticed Pikel
  5346 | D:5      | Noticed a hippogriff
  5925 | D:4      | Blown up by Pikel

Levels and vault maps discovered:
D:1:      dpeg_arrival_morbid_curiosity, layout_basic
D:2:      layout_basic, overflow_temple_1_default, first_ration, st_stairs_4,
          uniq_natasha
D:3:      minmay_door_path, layout_rooms, minmay_increasing_density, uniq_robin,
          uniq_sigmund, uniq_grinder
D:4:      layout_cave_pods, gammafunk_ghost_split, minmay_misc_feat_roman,
          uniq_eustachio
D:5:      layout_cave_pools, uniq_pikel

Skill      XL: |  1  2  3  4  5  6  7 |
---------------+----------------------+-----
Fighting       | 1 2 3 4 5 |  5.5
Dodging        | 2 3 |  3.6
Earth Magic    | 4 5 |  5.6
Maces & Flails | 2 3 4 |  4.6
Conjurations   | 1 2 3 |  3.5
Stealth        | |  2.2
Spellcasting   | |  2.0
Transmutations | |  0.7

Action                   |  1- 3 |  4- 6 |  7- 9 || total
-------------------------+-------+-------+-------++-------
Melee: Mace              |    33 |    90 |   185 ||   308
Throw: Boomerang         |       |       |    21 ||    21
 Cast: Sandblast         |    52 |    61 |    77 ||   190
  Use: Scroll            |     1 |       |       ||     1
       Potion            |       |     3 |       ||     3
  Eat: Chunk             |     4 |     5 |    11 ||    20
Armor: Robe              |    18 |       |       ||    18
       Scale mail        |     8 |    91 |   176 ||   275
       Skin              |       |    10 |       ||    10
Dodge: Dodged            |    44 |    92 |   153 ||   289

Table legend:
 A = Non-vault XP
 B = Vault XP
 C = Vault XP percentage of total XP
 D = Non-vault monster count
 E = Vault monster count
 F = Vault count percentage of total count
                 A         B        C        D         E       F
            +---------+---------+-------+---------+---------+-------
      Total |     768 |     857 |  52.7 |     104 |      34 |  24.6
            +---------+---------+-------+---------+---------+-------
        D:1 |      32 |       9 |  22.0 |      22 |       5 |  18.5
        D:2 |     256 |      45 |  15.0 |      20 |       4 |  16.7
        D:3 |     134 |     592 |  81.5 |      43 |      24 |  35.8
        D:4 |     145 |     211 |  59.3 |      11 |       1 |   8.3
        D:5 |     201 |       0 |   0.0 |       8 |       0 |   0.0
            +---------+---------+-------+---------+---------+-------
